 Dungeon Crawl Stone Soup version 0.29-a0-380-gf50f0a9fbc (webtiles) character file.

Game seed: 582512194798997615

23 Antichthon the Skirmisher (level 3, -7/29 HPs)
             Began as a Formicid Abyssal Knight on May 5, 2022.
             Was a Believer of Lugonu.
             Killed by nerve-wracking pain
             ... invoked by Jessica
              (12 damage)
             ... on level 2 of the Dungeon.
             The game lasted 00:01:51 (1410 turns).

Antichthon the Skirmisher (Formicid Abyssal Knight) Turns: 1410, Time: 00:01:52

Health: -7/29      AC:  3    Str: 17    XL:     3   Next: 12%
Magic:  4/4        EV: 11    Int:  9    God:    Lugonu [**....]
Gold:   39         SH:  0    Dex: 13    Spells: 2/2 levels left

rFire   . . .      SeeInvis +   a - +1 falchion
rCold   . . .      Faith    .   (no shield)
rNeg    . . .      Spirit   .   b - +0 leather armour
rPois   .          Reflect  .   (helmet unavailable)
rElec   .          Harm     .   (no cloak)
rCorr   .          Rampage  .   (no gloves)
Will    .....                   (no boots)
Stlth   +.........              (no amulet)
HPRegen 0.09/turn               (no ring)
MPRegen 0.09/turn               (no ring)

@: no status effects
A: permanent stasis, dig shafts and tunnels, antennae 3, four strong arms
a: Dig, Shaft Self, Renounce Religion, Depart the Abyss, Bend Space


You were on level 2 of the Dungeon.
You worshipped Lugonu.
Lugonu was pleased with you.
You visited 1 branch of the dungeon, and saw 2 of its levels.
You visited the Abyss 1 time.

You collected 39 gold pieces.

Inventory:

Hand Weapons
 a - a +1 falchion (weapon)
Armour
 b - a +0 leather armour (worn)
Scrolls
 c - a scroll of silence {unknown}
 d - a scroll of enchant weapon {unknown}
 e - a scroll of fog {unknown}
 f - 3 scrolls of acquirement {unknown}


   Skills:
 - Level 3.2 Fighting
 - Level 2.0 Long Blades
 * Level 2.5 Crossbows
 - Level 2.1 Armour
 - Level 0.8 Dodging
 - Level 2.1 Invocations


You had 2 spell levels left.
You didn't know any spells.
Your spell library contained the following spells:

 Spells                   Type           Power      Damage    Failure   Level
 Conjure Ball Lightning   Conj/Air       0%         3x3d6     100%        6
 Discord                  Hex            0%         N/A       100%        8
 Disjunction              Tloc           0%         N/A       100%        8


Dungeon Overview and Level Annotations

Branches:
Dungeon (2/15)

Altars:

Annotations:
D:2 Jessica


Innate Abilities, Weirdness & Mutations

You cannot be hasted, slowed, berserked, paralysed or teleported.
You can dig through walls and to a lower floor.
You have a pair of large antennae on your head. (SInv)
Your four strong arms can wield two-handed weapons with a shield.


Message History

You pick up a book of Chaos and begin reading...
You add the spells Conjure Ball Lightning, Disjunction and Discord to your library.
A hobgoblin comes into view.
A hobgoblin is nearby!
The hobgoblin barely misses you.
You hit the hobgoblin.
The hobgoblin is severely wounded.
The hobgoblin barely misses you.
You closely miss the hobgoblin.
The hobgoblin is severely wounded.
The hobgoblin closely misses you.
You barely miss the hobgoblin.
The hobgoblin is severely wounded.
The hobgoblin misses you.
You completely miss the hobgoblin.
The hobgoblin is severely wounded.
The hobgoblin hits you.
You hit the hobgoblin.
You kill the hobgoblin!
Lugonu accepts your kill.
You see here a hobgoblin corpse.
HP restored.
f - 3 scrolls labelled ZYFASTR PU ERE Jessica the Apprentice Sorceress comes into view.
She is wielding a +0 club and wearing a +1 robe of willpower.
Jessica shouts!
Jessica casts a spell at you.
You barely resist.
Jessica gestures wildly while chanting.
Jessica blinks!
Jessica attacks as you move away! Jessica hits you with a +0 club!
Jessica grins evilly.
Found a chain mail.
Jessica casts a spell at you. Pain shoots through your body!
Jessica hits you with a +0 club!
* * * LOW HITPOINT WARNING * * *
You barely miss Jessica. Jessica gestures at you while chanting.
Pain shoots through your body!
You die...

. .... ....
..... {
####.....
#....[#
#@#..##.#
#@.......
#.###.... #.#
#.. #.# . #.#
#.# #########
##.#
..#.#...#.###..#
#


You could see Jessica.

Vanquished Creatures
  3 endoplasms (D:1)
  2 goblins (D:1)
  4 hobgoblins
  2 ball pythons (D:1)
  5 bats (D:1)
  A frilled lizard (D:1)
  2 kobolds (D:1)
  A rat (D:1)
20 creatures vanquished.

Notes
Turn   | Place    | Note
-------+----------+-------------------------------------------
     0 | Abyss:1  | Antichthon the Formicid Abyssal Knight began the quest for
                  | the Orb.
     0 | Abyss:1  | Reached XP level 1. HP: 18/18 MP: 2/2
    19 | D:1      | Escaped the Abyss
   296 | D:1      | Reached skill level 1 in Crossbows
   319 | D:1      | Reached XP level 2. HP: 11/24 MP: 3/3
   510 | D:1      | Found a faded altar of an unknown god.
  1122 | D:1      | Reached XP level 3. HP: 26/29 MP: 4/4
  1400 | D:2      | Noticed Jessica
  1410 | D:2      | Killed from afar by Jessica

Illustrated notes

Levels and vault maps discovered:
D:1:      roderic_lyre, layout_loops_cross, ebering_ecumenical_altar_box
D:2:      layout_basic, serial_curves, eino_curves_01, eino_curves_02,
          eino_curves_01, hex_intersection, wad_orctagon, uniq_jessica

Skill      XL: |  1  2 |
---------------+-------+-----
Crossbows      | 1 2 |  2.5
Fighting       | |  3.2
Long Blades    | |  2.0
Armour         | |  2.1
Dodging        | |  0.8
Invocations    | |  2.1

Action                   || total
-------------------------++-------
Melee: Falchion          ||    65
Armor: Leather armour    ||    26
Dodge: Dodged            ||    47

Table legend: (Time is in decaauts)
 A = Elapsed time spent in this place.
 B = Non-inter-level travel time spent in this place.
 C = Inter-level travel time spent in this place.
 D = Time resting spent in this place.
 E = Time spent auto-exploring this place.
 F = Levels seen in this place.
 G = Mean time per level.
                   A        B        C        D        E       F      G
               +--------+--------+--------+--------+--------+-----+--------+
         Total |   1422 |   1333 |     89 |      0 |   1107 |   3 |  474.0 |
       Dungeon |   1403 |   1314 |     89 |      0 |   1097 |   2 |  701.5 |
         Abyss |     19 |     19 |      0 |      0 |     10 |   1 |   19.0 |
               +--------+--------+--------+--------+--------+-----+--------+

Top non-repeatable levels by time:
     D:1: 1308 daAuts
     D:2: 94 daAuts
 Abyss:1: 19 daAuts
